[ AOE2 MATCH · #468510290 ]
UnrankedBurmese vs Britons
Player's team · LOSS
Rival team · WIN
[ REPLAY ANALYSIS · EXTRACTED FROM THE RECORDED GAME ]
Feudal
9:10
Castle
22:08
Imperial
—
| APM avg | 42.8 |
| APM peak | 113 |
| eAPM avg | 15.2 |
| Villagers / military | 67 / 99 |
Focus
⚔️ 42.4% · 🌾 57.6%
Militia ×74 · Scout Cavalry ×9 · Scorpion ×6 · Mangonel ×5 · Skirmisher ×4 · Battering Ram ×1
Feudal
11:44
Castle
15:57
Imperial
37:07
| APM avg | 30.2 |
| APM peak | 62 |
| eAPM avg | 14.2 |
| Villagers / military | 94 / 86 |
Focus
⚔️ 27.3% · 🌾 72.7%
Archer ×73 · Spearman ×5 · Longbowman ×5 · Monk ×3
Match map
Initial resources + every placement click. Lines = walls · curves = elevation contours. ◆ gold · ⬟ stone · ● berries · ✦ relic · ◌ wall gap
Your base· ✓ Closed at 22:08 · 5t walls · no gate
menast3r's base· ✓ Closed at 15:57 · 19t walls · 2 gate(s)
Smoothed initial terrain · ◌ = detected wall gap · hover for details
Inputs per minute
— MKovy - - menast3r
Build order — MKovy
First 150 of 257 actions detected
| 0:02 | Create | Villager (Male) |
| 0:02 | Create | Villager (Male) |
| 0:02 | Create | Villager (Male) |
| 0:03 | Create | Villager (Male) |
| 0:04 | Build | House |
| 0:07 | Build | House |
| 1:32 | Create | Villager (Male) |
| 1:32 | Create | Villager (Male) |
| 1:46 | Build | Lumber Camp |
| 2:09 | Create | Villager (Male) |
| 2:14 | Create | Villager (Male) |
| 2:39 | Create | Villager (Male) |
| 2:39 | Create | Villager (Male) |
| 3:32 | Create | Villager (Male) |
| 3:52 | Create | Villager (Male) |
| 4:10 | Create | Villager (Male) |
| 4:17 | Build | House |
| 4:19 | Create | Villager (Male) |
| 4:56 | Build | Mill |
| 5:20 | Create | Villager (Male) |
| 5:21 | Create | Villager (Male) |
| 5:22 | Create | Villager (Male) |
| 5:24 | Research | Loom |
| 6:37 | Research | Feudal Age |
| 7:22 | Build | House |
| 7:47 | Build | Barracks |
| 7:49 | Build | Palisade Wall |
| 8:49 | Create | Villager (Male) |
| 9:10 | Age | Feudal Age |
| 9:11 | Build | Stable |
| 9:14 | Research | Horse Collar |
| 9:23 | Create | Villager (Male) |
| 9:44 | Build | Palisade Wall |
| 9:51 | Build | Palisade Wall |
| 9:54 | Build | Palisade Wall |
| 9:57 | Build | Palisade Wall |
| 10:01 | Create | Villager (Male) |
| 10:05 | Create | Militia |
| 10:05 | Create | Militia |
| 10:08 | Create | Scout Cavalry |
| 10:09 | Create | Scout Cavalry |
| 10:09 | Create | Scout Cavalry |
| 10:28 | Create | Villager (Male) |
| 10:34 | Build | House |
| 10:48 | Create | Scout Cavalry |
| 10:58 | Build | Farm |
| 11:01 | Build | Farm |
| 11:06 | Build | Farm |
| 11:06 | Build | Farm |
| 11:15 | Create | Scout Cavalry |
| 11:16 | Create | Villager (Male) |
| 11:37 | Create | Villager (Male) |
| 11:40 | Build | Farm |
| 11:44 | Build | Farm |
| 12:23 | Create | Villager (Male) |
| 12:24 | Create | Scout Cavalry |
| 12:38 | Build | Archery Range |
| 12:44 | Build | Blacksmith |
| 12:51 | Create | Villager (Male) |
| 12:55 | Build | House |
| 12:56 | Build | House |
| 13:20 | Create | Villager (Male) |
| 13:21 | Create | Villager (Male) |
| 13:26 | Build | Farm |
| 13:29 | Create | Villager (Male) |
| 13:30 | Create | Villager (Male) |
| 13:32 | Build | Farm |
| 13:33 | Build | Farm |
| 13:36 | Build | Farm |
| 13:40 | Create | Villager (Male) |
| 13:44 | Create | Scout Cavalry |
| 14:12 | Create | Villager (Male) |
| 14:27 | Create | Skirmisher |
| 14:27 | Create | Skirmisher |
| 14:40 | Create | Scout Cavalry |
| 15:03 | Create | Villager (Male) |
| 15:05 | Build | Farm |
| 15:06 | Build | Farm |
| 15:06 | Build | Farm |
| 15:06 | Build | Farm |
| 15:06 | Build | Farm |
| 15:07 | Build | Farm |
| 15:07 | Build | Farm |
| 15:07 | Build | Farm |
| 15:07 | Build | Farm |
| 15:35 | Create | Scout Cavalry |
| 15:37 | Build | Farm |
| 15:48 | Research | Padded Archer Armor |
| 15:48 | Research | Fletching |
| 15:50 | Create | Villager (Male) |
| 16:18 | Create | Villager (Male) |
| 16:21 | Build | House |
| 16:22 | Build | House |
| 16:31 | Build | Mining Camp |
| 16:42 | Build | House |
| 17:02 | Create | Villager (Male) |
| 17:23 | Create | Villager (Male) |
| 17:24 | Create | Villager (Male) |
| 17:52 | Build | Market |
| 18:18 | Create | Villager (Male) |
| 18:50 | Create | Villager (Male) |
| 19:28 | Research | Castle Age |
| 19:33 | Create | Skirmisher |
| 19:33 | Create | Skirmisher |
| 19:51 | Build | Barracks |
| 20:01 | Build | Barracks |
| 20:04 | Research | Man-at-Arms (upgrade) |
| 20:10 | Research | Scale Mail Armor |
| 20:11 | Research | Scale Mail Armor |
| 20:33 | Research | Arson |
| 20:46 | Create | Militia |
| 20:47 | Create | Militia |
| 20:48 | Create | Militia |
| 21:05 | Build | Farm |
| 21:25 | Create | Militia |
| 21:26 | Create | Militia |
| 21:26 | Create | Militia |
| 21:26 | Create | Militia |
| 21:42 | Build | House |
| 21:43 | Build | House |
| 21:44 | Build | House |
| 22:08 | Age | Castle Age |
| 22:16 | Research | Long Swordsman (upgrade) |
| 22:16 | Research | Gambesons |
| 22:16 | Research | Squires |
| 22:28 | Research | Chain Mail Armor |
| 22:45 | Build | Watch Tower |
| 22:59 | Research | Forging |
| 23:03 | Create | Villager (Male) |
| 23:06 | Create | Militia |
| 23:07 | Create | Militia |
| 23:07 | Create | Militia |
| 23:21 | Create | Villager (Male) |
| 23:23 | Create | Militia |
| 23:24 | Create | Militia |
| 23:35 | Create | Militia |
| 23:36 | Create | Militia |
| 23:43 | Build | Siege Workshop |
| 23:47 | Create | Villager (Male) |
| 24:52 | Create | Villager (Male) |
| 24:53 | Create | Villager (Male) |
| 24:53 | Create | Militia |
| 24:54 | Create | Militia |
| 24:54 | Create | Militia |
| 24:54 | Create | Militia |
| 24:55 | Create | Militia |
| 25:00 | Create | Militia |
| 25:00 | Create | Militia |
| 25:17 | Create | Militia |
| 25:18 | Create | Militia |
Build order — menast3r
First 150 of 246 actions detected
| 0:00 | Create | Villager (Male) |
| 0:01 | Create | Villager (Male) |
| 0:01 | Create | Villager (Male) |
| 0:01 | Create | Villager (Male) |
| 0:02 | Build | House |
| 0:07 | Build | House |
| 1:19 | Build | Lumber Camp |
| 1:20 | Create | Villager (Male) |
| 2:10 | Create | Villager (Male) |
| 2:11 | Create | Villager (Male) |
| 3:11 | Build | House |
| 3:40 | Create | Villager (Male) |
| 3:40 | Create | Villager (Male) |
| 3:41 | Create | Villager (Male) |
| 3:41 | Create | Villager (Male) |
| 4:11 | Create | Villager (Male) |
| 4:48 | Build | Mill |
| 4:56 | Build | House |
| 4:58 | Build | House |
| 6:07 | Create | Villager (Male) |
| 6:07 | Create | Villager (Male) |
| 6:08 | Create | Villager (Male) |
| 6:31 | Create | Villager (Male) |
| 6:31 | Create | Villager (Male) |
| 6:31 | Create | Villager (Male) |
| 7:52 | Create | Villager (Male) |
| 8:23 | Create | Villager (Male) |
| 9:01 | Build | Mining Camp |
| 9:10 | Build | Mining Camp |
| 9:15 | Build | Barracks |
| 9:34 | Research | Feudal Age |
| 9:39 | Research | Loom |
| 9:40 | Create | Villager (Male) |
| 9:41 | Create | Villager (Male) |
| 9:51 | Build | Palisade Wall |
| 9:52 | Build | Palisade Wall |
| 10:52 | Build | Palisade Wall |
| 10:54 | Build | Palisade Wall |
| 10:55 | Build | Palisade Wall |
| 11:43 | Build | Palisade Wall |
| 11:44 | Age | Feudal Age |
| 11:46 | Build | Palisade Wall |
| 11:47 | Build | Palisade Wall |
| 11:59 | Build | Archery Range |
| 12:02 | Build | Palisade Wall |
| 12:03 | Build | Palisade Wall |
| 12:04 | Create | Spearman |
| 12:05 | Create | Spearman |
| 12:27 | Build | Blacksmith |
| 12:46 | Create | Spearman |
| 13:08 | Create | Spearman |
| 13:14 | Create | Spearman |
| 13:17 | Research | Castle Age |
| 13:25 | Build | Palisade Wall |
| 13:29 | Build | Palisade Wall |
| 13:58 | Build | House |
| 14:00 | Build | Palisade Wall |
| 14:08 | Build | Palisade Wall |
| 14:18 | Build | Palisade Wall |
| 14:20 | Build | Palisade Wall |
| 14:23 | Build | Palisade Wall |
| 14:25 | Build | Palisade Wall |
| 14:30 | Build | Palisade Gate |
| 14:35 | Build | Palisade Gate |
| 14:47 | Create | Villager (Male) |
| 14:56 | Research | Double-Bit Axe |
| 15:27 | Build | Palisade Wall |
| 15:42 | Create | Archer |
| 15:42 | Create | Archer |
| 15:52 | Create | Villager (Male) |
| 15:57 | Age | Castle Age |
| 15:58 | Create | Villager (Male) |
| 16:03 | Build | Town Center |
| 16:36 | Create | Villager (Male) |
| 17:17 | Create | Villager (Male) |
| 17:17 | Create | Villager (Male) |
| 17:18 | Create | Villager (Male) |
| 17:24 | Create | Archer |
| 17:24 | Create | Archer |
| 17:30 | Build | Farm |
| 17:30 | Build | Farm |
| 17:30 | Build | Farm |
| 17:31 | Build | Farm |
| 17:31 | Build | Farm |
| 17:31 | Build | Farm |
| 17:31 | Build | Farm |
| 17:32 | Build | Farm |
| 17:32 | Build | Farm |
| 17:35 | Create | Villager (Male) |
| 17:35 | Create | Villager (Male) |
| 17:51 | Create | Archer |
| 18:13 | Create | Archer |
| 18:25 | Build | Farm |
| 18:30 | Build | Farm |
| 18:33 | Build | House |
| 18:34 | Build | House |
| 18:58 | Create | Villager (Male) |
| 18:58 | Create | Villager (Male) |
| 19:05 | Create | Villager (Male) |
| 19:10 | Build | Farm |
| 19:12 | Create | Villager (Male) |
| 19:15 | Build | Farm |
| 19:22 | Create | Villager (Male) |
| 19:30 | Build | House |
| 19:31 | Build | House |
| 19:33 | Build | House |
| 19:57 | Create | Archer ×5 |
| 20:10 | Research | Crossbowman (upgrade) |
| 20:15 | Create | Archer |
| 20:15 | Create | Archer |
| 20:15 | Create | Archer |
| 20:23 | Build | Archery Range |
| 20:34 | Build | House |
| 20:44 | Research | Horse Collar |
| 20:45 | Create | Villager (Male) |
| 21:01 | Build | House |
| 21:02 | Build | House |
| 21:04 | Build | House |
| 21:05 | Build | House |
| 21:09 | Research | Fletching |
| 21:13 | Create | Archer |
| 21:13 | Create | Archer |
| 21:21 | Create | Villager (Male) |
| 21:40 | Create | Villager (Male) |
| 21:46 | Create | Villager (Male) |
| 21:50 | Create | Archer ×5 |
| 22:41 | Create | Villager (Male) |
| 22:41 | Create | Villager (Male) |
| 22:42 | Create | Villager (Male) |
| 22:42 | Create | Villager (Male) |
| 22:55 | Build | Town Center |
| 23:02 | Research | Padded Archer Armor |
| 23:02 | Create | Villager (Male) |
| 23:20 | Build | Farm |
| 23:21 | Build | Farm |
| 23:23 | Build | Farm |
| 23:28 | Build | Farm |
| 23:38 | Build | Farm |
| 23:42 | Build | Farm |
| 23:43 | Create | Villager (Male) |
| 23:44 | Create | Villager (Male) |
| 23:45 | Create | Villager (Male) |
| 23:46 | Create | Villager (Male) |
| 24:04 | Build | Farm |
| 24:08 | Build | Palisade Wall |
| 24:10 | Build | Palisade Wall |
| 24:19 | Create | Villager (Male) |
| 24:20 | Create | Archer ×5 |
| 24:42 | Research | Bodkin Arrow |
| 25:14 | Create | Villager (Male) |
Match timeline
| 7:47 | MKovy · first_building Barracks |
| 7:49 | MKovy · wall_segment Palisade Wall x1 |
| 9:10 | MKovy · age_up feudal |
| 9:11 | MKovy · first_building Stable |
| 9:15 | menast3r · first_building Barracks |
| 9:44 | MKovy · wall_segment Palisade Wall x1 |
| 9:51 | menast3r · wall_segment Palisade Wall x1 |
| 9:51 | MKovy · wall_segment Palisade Wall x1 |
| 9:52 | menast3r · wall_segment Palisade Wall x1 |
| 9:54 | MKovy · wall_segment Palisade Wall x1 |
| 9:57 | MKovy · wall_segment Palisade Wall x1 |
| 10:52 | menast3r · wall_segment Palisade Wall x1 |
| 10:54 | menast3r · wall_segment Palisade Wall x1 |
| 10:55 | menast3r · wall_segment Palisade Wall x1 |
| 11:43 | menast3r · wall_segment Palisade Wall x1 |
| 11:44 | menast3r · age_up feudal |
| 11:46 | menast3r · wall_segment Palisade Wall x1 |
| 11:47 | menast3r · wall_segment Palisade Wall x1 |
| 11:59 | menast3r · first_building Archery Range |
| 12:02 | menast3r · wall_segment Palisade Wall x1 |
| 12:03 | menast3r · wall_segment Palisade Wall x1 |
| 12:38 | MKovy · first_building Archery Range |
| 13:25 | menast3r · wall_segment Palisade Wall x1 |
| 13:29 | menast3r · wall_segment Palisade Wall x1 |
| 14:00 | menast3r · wall_segment Palisade Wall x1 |
| 14:08 | menast3r · wall_segment Palisade Wall x1 |
| 14:18 | menast3r · wall_segment Palisade Wall x1 |
| 14:20 | menast3r · wall_segment Palisade Wall x1 |
| 14:23 | menast3r · wall_segment Palisade Wall x1 |
| 14:25 | menast3r · wall_segment Palisade Wall x1 |
| 15:27 | menast3r · wall_segment Palisade Wall x1 |
| 15:57 | menast3r · age_up castle |
| 19:06 | MKovy · first_market_sell 100 wood |
| 20:40 | MKovy · first_market_buy 100 food |
| 22:08 | MKovy · age_up castle |
| 23:43 | MKovy · first_building Siege Workshop |
| 24:08 | menast3r · wall_segment Palisade Wall x1 |
| 24:10 | menast3r · wall_segment Palisade Wall x1 |
| 33:12 | menast3r · first_building Monastery |
| 33:23 | MKovy · first_building Monastery |
| 33:49 | menast3r · first_building Castle |
| 37:07 | menast3r · age_up imperial |
| 37:33 | MKovy · resign |
[ AI ANALYSIS · 1 CREDIT ]
What really happened in this match?
Wolo.gg analyzes every decision: build order, eco, micro, common mistakes by bracket. Personalized analysis on WhatsApp or Discord in 30 seconds.
Civ guide
Burmese
Perfil
Jugador #4042685